AoeStats
← basileus

Four Lakes

510212359Analyzed
1v1 RM · 1d ago on Sep 30, 2026· 22m 25s· 2 players
Game mode
Random Map
Map size
Tiny (2 player)
Population
200
Speed
Normal
Resources
Standard
Victory
Conquest
Starting age
Dark Age
Ending age
Imperial Age
RankedLock teamsTeams togetherTeam positionsShared explorationLock speedFull tech treeHidden civsTurbo modeCheats
Victory
Defeat
🇨🇴 Lithuanians · Colombia
1234
+14
🇺🇸 Varangians · United States
1197
-14
basileus
8:05 Loom
10:40 Feudal Age
11:31 Double-Bit Axe
13:29 Bloodlines
13:50 Fishing Lines
19:42 Castle Age
19:24 Scale Mail Armor
20:16 Forging
19:49 Pikeman
informessigma
7:21 Loom
10:47 Feudal Age
15:30 Castle Age
14:41 Scale Barding Armor
14:46 Forging
14:57 Bloodlines
Connection lost

Rejoining the realm…

Still unreachable

The connection could not be restored.

Session expired

The server has moved on; the page needs a fresh start.